 Dungeon Crawl Stone Soup version 0.31-a0-236-g9a0961fb85 (webtiles) character file.

Game seed: 16982917811809187896

57 qw the Shooter (level 3, 0/29 HPs)
             Began as a Minotaur Hexslinger on July 9, 2023.
             Killed by divine providence
             ... invoked by an orc priest
              (11 damage)
             ... on level 2 of the Dungeon.
             The game lasted 00:00:24 (1195 turns).

qw the Shooter (Minotaur Hexslinger)                Turns: 1195, Time: 00:00:24

Health: 0/29       AC:  5    Str: 12    XL:     3   Next: 73%
Magic:  3/3        EV: 11    Int: 10    God:
Gold:   10         SH:  0    Dex: 14    Spells: 3/4 levels left

rFire   . . .        Y - +1 sling
rCold   . . .        (no shield)
rNeg    . . .        i - +0 ring mail
rPois   .            (helmet restricted)
rElec   .            (no cloak)
rCorr   .            (no gloves)
SInv    .            (no boots)
Will    .....        (no amulet)
Stlth   +            (no ring)
HPRegen 0.24/turn    (no ring)
MPRegen 0.08/turn

%: no passive effects
@: lethally poisoned (0 -> -8)
A: horns 2, retaliatory headbutt
a: no special abilities


You were on level 2 of the Dungeon.
You visited 1 branch of the dungeon, and saw 2 of its levels.

You collected 10 gold pieces.


Innate Abilities, Weirdness & Mutations

You have a pair of horns on your head.
You reflexively headbutt those who attack you in melee.


   Skills:
 - Level 2.0 Fighting
 - Level 4.1 Ranged Weapons
 + Level 0.9 Armour
 - Level 2.1 Dodging
 - Level 1.0 Spellcasting
 - Level 2.0 Hexes


You had 3 spell levels left.
You knew the following spells:

 Your Spells              Type           Power      Damage    Failure   Level
a - Slow                  Hex            16%        N/A       34%         1

Your spell library contained the following spells:

 Spells                   Type           Power      Damage    Failure   Level
 Inner Flame              Hex/Fire       2%         N/A       83%         3
 Portal Projectile        Hex/Tloc       4%         N/A       83%         3
 Cause Fear               Hex            2%         N/A       98%         4

Inventory:

Hand Weapons
 Y - a +1 sling (weapon)
Armour
 i - a +0 ring mail (worn)
Jewellery
 a - a ring of positive energy
Potions
 f - a potion of mutation {unknown}
 j - a potion of haste {unknown}
 k - a potion of magic {unknown}
 l - a potion of degeneration {unknown}

Dungeon Overview and Level Annotations

Branches:
Dungeon (2/15)

Altars:


Message History

HP restored.
You see here a jackal corpse.
There is an escape hatch in the floor here.
A bat comes into view.
The bat closely misses you.
Enter note:
Enter note: You shoot a sling bullet.
The sling bullet hits the bat.
You kill the bat!
You see here a bat corpse.
An orc priest comes into view. It is wielding a +0 short sword.
The orc priest shouts!
An orc comes into view. It is wielding a +0 club.
An orc comes into view. It is wielding a +0 flail.
An orc comes into view.
It is wielding a +0 flail and quivering poisoned darts.
Enter note:
Enter note: You shoot a sling bullet.
The sling bullet barely misses the orc.
The orc shouts! x3
The orc priest casts a cantrip, but nothing happens.
An orc priest comes into view. It is wielding a +0 hand axe.
You shoot a sling bullet.
The sling bullet hits the orc priest but does no damage.
The orc priest invokes the aid of Beogh against you.
Beogh smites you!
Ouch! That really hurt!
The orc priest looks satisfied for a moment.
You shoot a sling bullet.
The orc blocks the sling bullet with an invisible shield... and reflects it back!
The sling bullet completely misses you.
The orc throws a poisoned dart.
The poisoned dart hits you!
You are poisoned.
The orc throws a poisoned dart.
The poisoned dart barely misses you.
You shoot a sling bullet.
The sling bullet closely misses the orc.
The sling bullet hits the orc priest but does no damage.
You feel very sick.
The orc priest calls down the wrath of Beogh upon you.
Beogh smites you!
You die...

#...#.# #.#
#...#.#
#...#.#
#...#.########
###...........
#.#.########
#...# ##%###
#.@# #...#
#...o. #....oo
#.......
.....o...
#..........
............


You could see 2 orc priests and 2 orcs.

Vanquished Creatures
  2 adders (D:2)
  4 bats
  A giant cockroach (D:1)
  3 goblins
  7 hobgoblins
  4 jackals (D:2)
  3 quokkas (D:1)
  A frilled lizard (D:1)
  4 kobolds (D:1)
  5 rats
34 creatures vanquished.

Notes
Turn   | Place    | Note
-------+----------+-------------------------------------------
     0 | D:1      | qw the Minotaur Hexslinger began the quest for the Orb.
     0 | D:1      | Reached XP level 1. HP: 16/16 MP: 1/1
     0 | D:1      | 0 ||| qw: Version: 0.3-a-51-g015441d
     0 | D:1      | 0 ||| qw: Game counter: 4383
     0 | D:1      | 0 ||| qw: Melee chars always use a shield: true
     0 | D:1      | 0 ||| qw: God list: Okawaru
     0 | D:1      | 0 ||| qw: Allow faded altars: false
     0 | D:1      | 0 ||| qw: Do Orc after clearing Dungeon:15 true
     0 | D:1      | 0 ||| qw: Do second Lair branch before Depths: true
     0 | D:1      | 0 ||| qw: Lair rune preference: random
     0 | D:1      | 0 ||| qw: Goals: Normal
     0 | D:1      | 0 ||| PLANNING D:1-11
   299 | D:1      | Reached skill level 3 in Ranged Weapons
   299 | D:1      | Reached XP level 2. HP: 23/23 MP: 2/2
   792 | D:1      | 792 ||| UPGRADING to +0 ring mail.
   802 | D:1      | 802 ||| DROPPING +0 robe.
   803 | D:1      | 803 ||| READING scroll labelled IMAICU PAWAKOUCA.
   804 | D:1      | 804 ||| READING scroll labelled OVOUZAULAEM.
   805 | D:1      | 805 ||| READING scroll labelled KOIKKIR ZIFAAHUUWK.
   809 | D:1      | 809 ||| READING scroll labelled QUESOR LIOCWU.
   810 | D:1      | 810 ||| READING scroll labelled UNE SURIFUSUNA.
   811 | D:1      | 811 ||| DROPPING scroll of poison.
   858 | D:2      | Reached XP level 3. HP: 29/29 MP: 3/3
  1097 | D:2      | Reached skill level 4 in Ranged Weapons
  1195 | D:2      | Killed from afar by an orc priest

Levels and vault maps discovered:
D:1:      dpeg_arrival_rooms_with_view, layout_loops_ring, roderic_lattice_a
D:2:      layout_basic

Skill      XL: |  1  2  3 |
---------------+----------+-----
Ranged Weapons | 3 4 |  4.1
Fighting       | 2 |  2.0
Armour         | |  0.9
Dodging        | |  2.1
Spellcasting   | |  1.0
Hexes          | |  2.0

Action                     || total
---------------------------++-------
   Fire: Sling             ||    90
    Use: Scroll            ||     5
 Armour: Robe              ||     1
         Ring mail         ||     7
  Dodge: Dodged            ||    25

Table legend:
 A = Non-vault XP
 B = Vault XP
 C = Vault XP percentage of total XP
 D = Non-vault monster count
 E = Vault monster count
 F = Vault count percentage of total count
                 A         B        C        D         E       F
            +---------+---------+-------+---------+---------+-------
      Total |      79 |       3 |   3.7 |      32 |       2 |   5.9
            +---------+---------+-------+---------+---------+-------
        D:1 |      34 |       3 |   8.1 |      20 |       2 |   9.1
        D:2 |      45 |       0 |   0.0 |      12 |       0 |   0.0
            +---------+---------+-------+---------+---------+-------
